 Dungeon Crawl Stone Soup version 0.31-a0-667-g39726597b9 (webtiles) character file.

Game seed: 8330988144488976336

4530 avis the Mimic (level 10, -3/66 HPs)
             Began as a Felid Shapeshifter on Sept 4, 2023.
             Was an Initiate of Gozag.
             Slain by Erica
             ... wielding a +4 scimitar of flaming
              (12 damage)
             ... on level 8 of the Dungeon.
             The game lasted 00:58:51 (9229 turns).

avis the Mimic (Felid Shapeshifter)                 Turns: 9229, Time: 00:58:52

Health: -3/66      AC: 25    Str: 12    XL:     10   Next: 17%
Magic:  3/11       EV:  4    Int: 13    God:    Gozag
Gold:   687        SH:  0    Dex: 17    Spells: 3/9 levels left
                                        Lives:  0   Deaths: 3

rFire   . .          .
                       - Unarmed
rCold   . . .        (shield unavailable)
rNeg    . . .        (body armour unavailable)
rPois   +            (helmet unavailable)
rElec   +            (cloak unavailable)
rCorr   .            (gloves unavailable)
SInv    +            (boots unavailable)
Will    ++...        x - amulet of regeneration
Stlth   +++          s - ring of willpower
HPRegen 1.11/turn    h - ring of the Gloaming {rElec rPois}
MPRegen 0.12/turn

%: no passive effects
@: tree-form
A: stationary, stasis, torment immunity, boosted hp, very small, (claws 1),
(fangs 3), see invisible, (speed 1), (shaggy fur 2), (stealthy paws), no weapons
or thrown items, no armour, multi-lived
a: Renounce Religion, Potion Petition, Call Merchant, Bribe Branch


You were on level 8 of the Dungeon.
You worshipped Gozag.
Gozag was pleased with you.
You were a tree.
You visited 2 branches of the dungeon, and saw 9 of its levels.
You also visited: Sewer.

You collected 1133 gold pieces.
You spent 370 gold pieces at shops.
You paid 76 gold pieces to Gozag.

Inventory:

Jewellery
 e - an amulet of the acrobat
 h - the ring of the Gloaming (right branch) {rElec rPois}
   (You acquired it on level 3 of the Dungeon)

   [ring of poison resistance]

   rElec:     It insulates you from electricity.
   rPois:     It protects you from poison
 n - a ring of protection from cold
 s - a ring of willpower (left branch)
 x - an amulet of regeneration (around neck)
Talismans
 b - a beast talisman
 f - a flux talisman
 l - a blade talisman
Wands
 A - a wand of charming (7)
Scrolls
 c - 2 scrolls of fear
 d - a scroll of immolation
 g - 5 scrolls of enchant weapon {unknown}
 i - 2 scrolls of revelation
 m - a scroll of vulnerability
 o - a scroll of poison
 q - 3 scrolls of fog
 r - 2 scrolls of teleportation {unknown}
 y - a scroll of silence
Potions
 a - a potion of ambrosia
 j - 2 potions of cancellation
 k - a potion of magic
 p - 2 potions of mutation
 t - a potion of curing
 v - a potion of brilliance
 w - a potion of resistance
 z - 2 potions of haste


   Skills:
 - Level 5.0 Fighting
 - Level 5.0 Dodging
 + Level 6.3 Stealth
 - Level 5.0 Unarmed Combat
 - Level 10.0 Translocations
 * Level 10.6 Shapeshifting


You had 3 spell levels left.
You knew the following spells:

 Your Spells              Type           Power      Damage    Failure   Level
b - Blink                 Tloc           52%        N/A       1%          2
m - Manifold Assault      Tloc           26%        N/A       4%          4

Your spell library contained the following spells:

 Spells                   Type           Power      Damage    Failure   Level
 Lesser Beckoning         Tloc           52%        N/A       1%          2
 Gell's Gravitas          Tloc           26%        N/A       1%          3
 Teleport Other           Tloc           26%        N/A       1%          3
 Momentum Strike          Conj/Tloc      26%        3d8       6%          2
 Sting                    Tmut/Pois      0%         1d3       30%         1
 Summon Small Mammal      Summ           0%         N/A       30%         1
 Cigotuvi's Dreadful Rot  Necr/Pois/Air  0%         N/A       43%         2
 Poisonous Vapours        Pois/Air       0%         N/A       43%         2
 Call Canine Familiar     Summ           0%         N/A       67%         3
 Dazzling Flash           Conj/Hex       0%         N/A       67%         3
 Ignite Poison            Fire/Tmut/Pois 0%         N/A       67%         3
 Summon Guardian Golem    Hex/Summ       0%         N/A       67%         3
 Olgreb's Toxic Radiance  Pois           0%         N/A       97%         4
 Agony                    Necr           0%         N/A       100%        5
 Freezing Cloud           Conj/Ice/Air   0%         6-21      100%        5
 Silence                  Hex/Air        0%         N/A       100%        5


Dungeon Overview and Level Annotations

Branches:
Dungeon (8/15)             Temple (1/1) D:7           Sewer (visited)
   Lair: D:8-11

Altars:
Ashenzari
Cheibriados
Dithmenos
Elyvilon
Fedhas
Gozag
Hepliaklqana
Kikubaaqudgha
Makhleb
Nemelex Xobeh
Okawaru
Qazlal
Ru
Sif Muna
Trog
Uskayaw
Vehumet
Wu Jian
Xom
Zin
The Shining One

Shops:
D:1 (   D:3 !   D:6 =

Annotations:
D:8 Erica


Innate Abilities, Weirdness & Mutations

You are a tree.
Your roots penetrate the ground, keeping you stationary.
You cannot be teleported.
You are immune to unholy pain and torment.
Your maximum health is greatly increased.
((You have sharp claws.))
((You have razor-sharp teeth.))
You have supernaturally acute eyesight. (SInv)
((You cover ground quickly. (Speed+)))
((You are covered in thick fur. (AC +2)))
((Your paws help you pounce on unaware monsters.))
You are incapable of wielding weapons or throwing items.
You cannot wear armour.
You gain extra lives every three experience levels.


Message History

A - a wand of charming (7)
There is a stone staircase leading up here.
There is a stone staircase leading down here.
Done exploring.
Done exploring.
There is a stone staircase leading up here.
You see here a +0 spear.
Erica shouts!
Okay, then.
Cast which spell? (? or * to list) Space momentarily warps into an impossible shape!
You hit Erica.
Casting: Manifold Assault (dangerous; 4% risk of failure)
Confirm with . or Enter, or press ? or * to list all spells.
Space momentarily warps into an impossible shape!
You slice Erica!! You hit Erica but do no damage. You slash Erica.
Erica is severely wounded.
Erica hits you with a +4 scimitar of flaming!!
Erica burns you.
You completely miss Erica.
Erica is severely wounded.
Erica hits you with a +4 scimitar of flaming!
* * * LOW HITPOINT WARNING * * *
Erica burns you!
* * * LOW HITPOINT WARNING * * *
Your front paws revert to their normal proportions.
You turn into a tree.
Your roots penetrate the ground.
Erica says, "Fast and perfect.
Such is my way of killing."
Erica casts a spell at you.
The bolt of poison hits you but does no damage.
You resist.
You barely miss Erica.
Erica is severely wounded.
You smack Erica!
Erica is almost dead.
Erica hits you with a +4 scimitar of flaming!
You die...
Erica begins laughing uncontrollably.
Your body crumbles into a pile of gold.

....###.#....#### #..####.###.#
........#.#### ##..##...# #.#
....#.#.#...### #...#....# #.#
....##..#..)..## #...#....###.#
[..##...#......###........##..#
..##....#.###..##....#######..#
#.#.....#.###...#....# ###...#
##.#....#..##...#....####.....#
........#.......♣@....).......# #
##..#.<.####################### #
##..##.## #..# #.# #.# ###
##(.##.######..# #.# #.# ###..
##..##.........# #.# #.# #...#
##?)##.#######.#####.####.###.#..
##.....##.....................###
###.##.##.####.################ #
# #.##.##.# #.# #


You could see Erica.

Vanquished Creatures
  Pikel (D:8)
  Jeremiah (D:6)
  2 wraiths
  A wyvern (D:8)
  3 steam dragons (D:8)
  3 water moccasins
  Pargi (Sewer)
  A black bear (D:8)
  4 ice beasts
  A sky beast (D:8)
  3 ogres
  A centaur (D:8)
  Blork the orc (D:4)
  4 bullfrogs
  A kobold brigand (D:7)
  A scorpion (D:4)
  5 killer bees (D:7)
  2 howler monkeys (D:8)
  2 orc priests
  6 hounds
  5 jellies
  3 iguanas
  3 sleepcaps
  A gnoll bouda (D:8)
  6 orc wizards
  8 adders
  4 gnolls (D:2)
  2 white imps
  A worm (D:4)
  A dart slug (D:3)
  20 orcs
  4 bat skeletons (D:3)
  2 bat zombies (D:3)
  4 endoplasms
  5 giant cockroaches
  8 goblins
  8 hobgoblins
  10 kobolds
  2 quokkas (D:3)
  11 ball pythons
  11 bats
  6 frilled lizards
  7 rats
176 creatures vanquished.

Notes
Turn   | Place    | Note
-------+----------+-------------------------------------------
     0 | D:1      | avis the Felid Shapeshifter began the quest for the Orb.
     0 | D:1      | Reached XP level 1. HP: 9/9 MP: 2/2
   154 | D:1      | Reached XP level 2. HP: 10/12 MP: 3/3
   357 | D:1      | Noticed a +0 lajatang
   358 | D:1      | Found Bocef's Weapon Shop.
   358 | D:1      | Noticed a +0 demon trident
   758 | D:1      | Reached XP level 3. HP: 15/15 MP: 4/4
  1105 | D:2      | Learned a level 2 spell: Blink
  1736 | D:2      | HP: 1/22 [poisoned by an adder]
  1739 | D:2      | Reached skill level 5 in Shapeshifting
  1837 | D:2      | Reached XP level 4. HP: 8/19 MP: 5/5
  2163 | D:3      | Found Buhi's Distillery.
  2283 | D:2      | Reached skill level 5 in Dodging
  2283 | D:2      | Reached XP level 5. HP: 17/22 MP: 6/6
  2875 | D:3      | Found an ancient bone altar of Kikubaaqudgha.
  2960 | D:3      | Found a sparkling altar of Nemelex Xobeh.
  3063 | D:4      | Found a shimmering altar of Xom.
  3098 | D:4      | Found a glowing drain.
  3102 | Sewer    | Entered a sewer
  3137 | Sewer    | Noticed Pargi
  3149 | Sewer    | Killed Pargi
  3150 | Sewer    | Gained mutation: You are covered in thick fur. (AC +2)
                  | [Felid growth]
  3150 | Sewer    | Reached XP level 6. HP: 9/25 MP: 7/7
  3409 | D:4      | Identified the +1 robe "Buenerifidgh" {Will- Dex+5}
  3501 | D:4      | Reached skill level 5 in Unarmed Combat
  3577 | D:4      | Found an opulent altar of Gozag.
  3585 | D:4      | Became a worshipper of Gozag Ym Sagoz the Greedy
  3863 | D:5      | Entered Level 5 of the Dungeon
  3901 | D:5      | Reached skill level 1 in Translocations
  3901 | D:5      | Reached XP level 7. HP: 28/28 MP: 8/8
  3901 | D:5      | Noticed Blork the orc
  3913 | D:4      | Killed Blork the orc
  3973 | D:3      | Bought a potion of degeneration for 10 gold pieces
  3973 | D:3      | Bought a potion of ambrosia for 80 gold pieces
  3973 | D:3      | Bought a potion of curing for 30 gold pieces
  3973 | D:3      | Bought a potion of heal wounds for 50 gold pieces
  3973 | D:3      | Bought a potion of brilliance for 40 gold pieces
  4007 | D:5      | Learned a level 4 spell: Manifold Assault
  4295 | D:5      | Found a radiant altar of Vehumet.
  4504 | D:5      | Identified the staff of Dishonesty {rPois rC+ Str+3 Int+3
                  | Poison}
  4799 | D:5      | Identified the +8 falchion "Venice" {drain, *Corrode +Blink
                  | Will+ Int+2}
  5291 | D:3      | Bought a potion of cancellation for 80 gold pieces
  5347 | D:6      | Found Getumi's Jewellery Emporium.
  5354 | D:6      | Noticed Jeremiah
  5360 | D:6      | Killed Jeremiah
  5361 | D:6      | Reached XP level 8. HP: 23/32 MP: 9/9
  5574 | D:6      | Found a stormy altar of Qazlal.
  6361 | D:6      | Found a burning altar of Makhleb.
  6608 | D:3      | Bought a potion of mutation for 80 gold pieces
  6612 | D:3      | Identified a scroll of acquirement
  6621 | D:3      | Acquired the ring of the Gloaming {rElec rPois}
  6916 | D:7      | Found a staircase to the Ecumenical Temple.
  6923 | Temple   | Found a transporter.
  6923 | Temple   | Found a transporter.
  6923 | Temple   | Found a transporter.
  6923 | Temple   | Found a transporter.
  6923 | Temple   | Entered the Ecumenical Temple
  7056 | D:7      | Reached XP level 9. HP: 30/40 MP: 10/10
  7063 | D:7      | Reached skill level 5 in Fighting
  7070 | D:7      | Identified the +6 whip of the Summoning Gods {venom, rPois
                  | rF++ Int+4}
  7569 | D:7      | Reached skill level 10 in Translocations
  7628 | D:7      | Found a hazy altar of Hepliaklqana.
  7989 | D:8      | Found an ornate altar of the Wu Jian Council.
  7990 | D:8      | Found a hide-covered altar of Uskayaw.
  8025 | D:8      | HP: 1/40 [steam dragon (9)]
  8032 | D:8      | Reached skill level 1 in Stealth
  8062 | D:8      | Noticed Pikel
  8071 | D:8      | Killed Pikel
  8178 | D:8      | Identified the +4 chain mail of Calculation {Harm rElec
                  | rPois rF-}
  8186 | D:8      | Reached skill level 5 in Stealth
  8209 | D:8      | Reached skill level 10 in Shapeshifting
  8226 | D:8      | Noticed Erica
  8343 | D:8      | Killed from afar by a steam dragon
  8384 | D:8      | Reached XP level 10. HP: 44/44 MP: 11/11
  8546 | D:8      | Engulfed by a steam dragon's steam
  9057 | D:8      | Mangled by Erica
  9229 | D:8      | Slain by Erica

Illustrated notes

Levels and vault maps discovered:
D:1:      erik_arrival_triangle_medium, layout_loops_corners, serial_shops,
          nicolae_shop_mannequins
D:2:      minmay_alternating_diamond, layout_basic, nicolae_hexahallways,
          nicolae_the_louvre
D:3:      layout_rooms, mainiacjoe_overflow_chevrons, kennysheep_vampire_church,
          serial_shops, shop, saegor_snake_ambush
D:4:      layout_rooms, mainiacjoe_overflow_concentric_impassable,
          grunt_gozag_statues, gup_sewer_entry_bowl
D:5:      layout_loops_corners, mainiacjoe_overflow_alcove_2, uniq_blork_the_orc
D:6:      layout_layer_cave, mainiacjoe_overflow_boulevard,
          lightli_temple_of_fire, serial_shops, nicolae_shop_gaudy_bauble,
          uniq_jeremiah
D:7:      layout_basic, nicolae_hepliaklqana_hippocampus, temple_fountains,
          minmay_misc_feat_rows, eino_jars
D:8:      minmay_recursive_quarters, layout_loops_ring,
          grunt_temple_overflow_open, minmay_fractal_squares_diagonal_5,
          uniq_pikel, uniq_erica
Temple:   hellmonk_temple_divided_pantheon

Skill      XL: |  1  2  3  4  5  6  7  8  9 10 |
---------------+-------------------------------+-----
Shapeshifting  | 4 5 6 8 10 | 10.6
Dodging        | 3 5 |  5.0
Unarmed Combat | 4 5 |  5.0
Translocations | 1 6 8 10 | 10.0
Fighting       | 4 5 |  5.0
Stealth        | 5 6 |  6.3

Action                     |  1- 3 |  4- 6 |  7- 9 | 10-12 || total
---------------------------+-------+-------+-------+-------++-------
  Melee: Unarmed           |    81 |   131 |   300 |    39 ||   551
         Bite              |     4 |    13 |    36 |     8 ||    61
         Punch             |       |     3 |     2 |     5 ||    10
   Cast: Manifold Assault  |       |       |       |     2 ||     2
  Evoke: Wand              |       |     2 |     9 |       ||    11
    Use: Potion            |     3 |     3 |     2 |     3 ||    11
         Scroll            |       |       |    12 |     1 ||    13
   Stab: Sleeping          |     4 |     1 |     2 |       ||     7
         Invisible         |     1 |       |       |       ||     1
         Distracted        |       |       |     1 |     1 ||     2
 Armour: Skin              |    23 |    33 |   119 |    28 ||   203
  Dodge: Dodged            |    64 |   150 |   279 |    30 ||   523
   Form: Flux              |       |       |     1 |       ||     1
         Blade             |       |       |     1 |       ||     1

Table legend: (Time is in decaauts)
 A = Elapsed time spent in this place.
 B = Non-inter-level travel time spent in this place.
 C = Inter-level travel time spent in this place.
 D = Time resting spent in this place.
 E = Time spent auto-exploring this place.
 F = Levels seen in this place.
 G = Mean time per level.
                   A        B        C        D        E       F      G
               +--------+--------+--------+--------+--------+-----+--------+
         Total |   7830 |   6983 |    847 |    980 |   3621 |  10 |  783.0 |
       Dungeon |   7684 |   6842 |    842 |    927 |   3617 |   8 |  960.5 |
        Temple |     26 |     21 |      5 |      0 |      0 |   1 |   26.0 |
         Sewer |    118 |    118 |      0 |     52 |      4 |   1 |  118.0 |
               +--------+--------+--------+--------+--------+-----+--------+

Top non-repeatable levels by time:
     D:6: 1290 daAuts
     D:2: 1103 daAuts
     D:8: 1089 daAuts
     D:5: 1015 daAuts
     D:1: 858 daAuts
     D:7: 852 daAuts
     D:3: 756 daAuts
     D:4: 718 daAuts
   Sewer: 118 daAuts
  Temple: 26 daAuts
